 Dungeon Crawl Stone Soup version 0.29.0-13-gc9e81de378 (webtiles) character file.

Game seed: 16073324335552120718

141 sanka the Chopper (level 5, -1/45 HPs)
             Began as a Minotaur Berserker on Sept 7, 2022.
             Was a Believer of Trog.
             Slain by a small abomination (12 damage)
             ... on level 3 of the Dungeon.
             The game lasted 00:02:49 (2615 turns).

sanka the Chopper (Minotaur Berserker)              Turns: 2615, Time: 00:02:50

Health: -1/45      AC:  9    Str: 27    XL:     5   Next: 3%
Magic:  4/4        EV: 11    Int:  4    God:    Trog [**....]
Gold:   123        SH:  0    Dex: 12    Spells: 4/4 levels left

rFire   . . .      SeeInvis .   a - +0 hand axe
rCold   . . .      Faith    .   (no shield)
rNeg    . . .      Spirit   .   h - +0 ring mail
rPois   .          Reflect  .   (helmet restricted)
rElec   .          Harm     .   (no cloak)
rCorr   .          Rampage  .   (no gloves)
Will    .....                   (no boots)
Stlth   +.........              (no amulet)
HPRegen 0.15/turn               k - +6 ring of strength
MPRegen 0.09/turn               m - +4 ring of protection

@: no status effects
A: horns 2, retaliatory headbutt
a: Renounce Religion, Berserk, Trog's Hand


You were on level 3 of the Dungeon.
You worshipped Trog.
Trog was pleased with you.
You visited 1 branch of the dungeon, and saw 3 of its levels.

You collected 123 gold pieces.


Innate Abilities, Weirdness & Mutations

You have a pair of horns on your head.
You reflexively headbutt those who attack you in melee.


   Skills:
 - Level 3.6 Fighting
 + Level 7.0 Axes
 - Level 2.4 Armour
 - Level 2.1 Dodging


You had 4 spell levels left.
You didn't know any spells.
Your spell library was empty.

Inventory:

Hand Weapons
 a - a +0 hand axe (weapon)
Armour
 b - a +0 animal skin
 h - a +0 ring mail (worn)
Jewellery
 k - a +6 ring of strength (left hand)
 l - a +6 ring of dexterity
 m - a +4 ring of protection (right hand)
Scrolls
 c - a scroll of enchant armour {unknown}
 g - 2 scrolls of butterflies {unknown}
 i - 2 scrolls of immolation {unknown}
 j - 2 scrolls of identify {unknown}
 r - a scroll of noise {unknown}
 s - a scroll of teleportation {unknown}
Potions
 d - 2 potions of might {unknown}
 e - 2 potions of lignification {unknown}
 f - a potion of cancellation {unknown}
 n - a potion of degeneration {unknown}
 o - a potion of curing {unknown}
 p - a potion of brilliance {unknown}
 q - a potion of attraction {unknown}

Dungeon Overview and Level Annotations

Branches:
Dungeon (3/15)

Altars:
Qazlal

Portals:
Abyss: D:3

Annotations:
D:3 1 transporter, stringoo's ghost, weakling OpFi

▒...........▒▒xxW▒.x▒..▒.K▒....▒▒
▒...........▒..▒.▒.▒▒..▒▒.▒▒...'.
▒...........▒▒. .▒▒▒...▒▒..▒...▒▒
▒............▒▒ .▒....▒▒:▒.▒...▒
▒............▒ .▒▒.▒▒▒ . ▒▒..▒▒
▒.......÷...▒▒▒▒▒.▒▒▒▒..▒▒▒...▒
▒...........▒©.▒^▒...▒..▒.....▒▒
▒...........▒▒.▒.x▒▒.▒▒.▒▒.....▒▒
▒............▒▒.H▒.....▒ ▒▒......
▒.............▒.(▒.▒▒▒▒.▒ ▒▒.....
▒............▒▒▒..▒▒©.▒ .▒.▒..▒▒▒
▒............▒▒.▒▒▒...▒▒▒=▒▒..▒<.
▒............▒▒▒▒.......▒▒▒...▒▒▒
▒........................©.......
▒▒▒▒▒▒▒▒.......................▒▒
▒▒....▒▒▒▒▒▒▒▒▒.........▒ ▒▒▒▒▒▒
▒▒▒▒▒▒▒▒▒▒▒


You could see a small abomination.


Message History

The small abomination hits you but does no damage.
You hit the small abomination but do no damage.
You headbutt the small abomination, but do no damage.
The small abomination is heavily damaged.
The small abomination misses you.
The small abomination completely misses you.
You hit the small abomination but do no damage.
Your headbutt misses the small abomination.
The small abomination is heavily damaged.
The small abomination barely misses you.
You hit the small abomination.
Your headbutt misses the small abomination.
The small abomination is severely damaged.
The small abomination barely misses you.
You furiously retaliate!
You headbutt the small abomination.
You hit the small abomination but do no damage.
You headbutt the small abomination, but do no damage.
The small abomination is almost destroyed.
The small abomination hits you.
You hit the small abomination but do no damage.
The small abomination is almost destroyed.
The small abomination hits you!
* * * LOW HITPOINT WARNING * * *
You hit the small abomination but do no damage.
The small abomination is almost destroyed.
The small abomination hits you!
* * * LOW HITPOINT WARNING * * *
The small abomination hits you!
You die...

Action                   |  1- 3 |  4- 6 || total
-------------------------+-------+-------++-------
Melee: Hand axe          |   102 |    52 ||   154
       Headbutt          |    15 |     8 ||    23
       Punch             |     1 |       ||     1
Armor: Animal skin       |    13 |       ||    13
       Ring mail         |    23 |    17 ||    40
Dodge: Dodged            |    59 |    21 ||    80

Levels and vault maps discovered:
D:1:      elethiomel_arrival_shortcut, layout_loops_ring
D:2:      layout_basic, hellmonk_ecumenical_altar_crossroads,
          minmay_misc_feat_tiny
D:3:      layout_basic, nicolae_qazlal_general_emergency,
          gammafunk_ghost_abyssal_escape, minmay_misc_feat_x, uniq_natasha

Notes
Turn   | Place    | Note
-------+----------+-------------------------------------------
     0 | D:1      | sanka the Minotaur Berserker began the quest for the Orb.
     0 | D:1      | Reached XP level 1. HP: 19/19 MP: 0/0
   116 | D:1      | Reached skill level 4 in Axes
   149 | D:1      | Reached XP level 2. HP: 26/26 MP: 1/1
   387 | D:1      | Reached skill level 5 in Axes
   394 | D:1      | Reached XP level 3. HP: 24/31 MP: 2/2
   582 | D:1      | Reached ** piety under Trog
  1374 | D:2      | Found a faded altar of an unknown god.
  1747 | D:3      | Found a transporter.
  1771 | D:3      | Found a stormy altar of Qazlal.
  1899 | D:3      | Reached skill level 6 in Axes
  1899 | D:3      | Reached XP level 4. HP: 39/39 MP: 3/3
  1989 | D:3      | Noticed Natasha
  1995 | D:3      | Killed Natasha
  2004 | D:3      | Noticed Natasha
  2010 | D:3      | Killed Natasha
  2200 | D:3      | Reached XP level 5. HP: 44/45 MP: 4/4
  2231 | D:3      | Found a transporter.
  2241 | D:3      | Noticed a small abomination
  2241 | D:3      | Noticed a small abomination
  2243 | D:3      | Found a one-way gate to the infinite horrors of the Abyss.
  2243 | D:3      | Noticed stringoo's ghost (weakling OpFi)
  2252 | D:3      | Reached skill level 7 in Axes
  2598 | D:3      | Noticed a small abomination
  2615 | D:3      | Slain by a small abomination

Vanquished Creatures
  Natasha (twice) (D:3)
  2 adders (D:3)
  2 worms
  A dart slug (D:1)
  An orc (D:3)
  5 bats
  5 endoplasms
  A giant cockroach (D:2)
  8 goblins
  9 hobgoblins
  3 jackals (D:1)
  2 quokkas
  5 ball pythons
  6 frilled lizards
  5 kobolds
  6 rats
63 creatures vanquished.
